AoeStats
← Oscar

Four Lakes

509543503Analyzed
1v1 RM · 6d ago on Sep 27, 2026· 49m 56s· 2 players
Game mode
Random Map
Map size
Tiny (2 player)
Population
200
Speed
Normal
Resources
Standard
Victory
Conquest
Starting age
Dark Age
Ending age
Imperial Age
RankedLock teamsTeams togetherTeam positionsShared explorationLock speedFull tech treeHidden civsTurbo modeCheats
Victory
Defeat
🇨🇭 Mongols · Switzerland
892
+16
🇸🇻 Sicilians · El Salvador
898
-16
Oscar
10:34 Feudal Age
10:40 Man-at-Arms
11:10 Double-Bit Axe
13:48 Gold Mining
14:35 Loom
15:09 Forging
16:29 Fishing Lines
18:50 Scale Mail Armor
22:16 Castle Age
21:11 Stone Mining
23:42 Padded Archer Armor
24:38 Crossbowman
28:14 Fletching
29:19 Gold Shaft Mining
33:06 Bloodlines
34:28 Scale Barding Armor
36:04 Wheelbarrow
36:29 Gillnets
38:03 Husbandry
38:02 Town Watch
41:28 Imperial Age
40:36 Chain Barding Armor
42:50 Capped Ram
44:02 Elite Steppe Lancer
45:06 Conscription
45:50 Siege Ram
49:40 Drill
davidgabrielyea
1:57 Loom
10:55 Feudal Age
28:51 Castle Age
30:43 Elite Skirmisher
35:11 Double-Bit Axe
35:09 Horse Collar
39:32 Bow Saw
47:21 Imperial Age
46:14 Pikeman
46:55 Squires
47:52 Wheelbarrow
Connection lost

Rejoining the realm…

Still unreachable

The connection could not be restored.

Session expired

The server has moved on; the page needs a fresh start.